Map: Central Protocol

Players

IIIIIIIIIIII

  • Race: Zerg Zerg
  • League: Master

MorN - Winner!

  • Race: Terran Terran
  • League: Diamond

VOD

Have the link to the VOD?

Description

Time

  • Played on: Nov. 17, 2015, 5:18 p.m.
  • Length: 7:09
Show
View Real Time Build Order
Export as new Build Order

IIIIIIIIIIII Zerg 

Build Orders: Hatch First 

Get SALT Encoding   

  12  0:01  Drone  
  13  0:11  Drone  
  14  0:17  Overlord  
  14  0:25  Drone, Extractor  
  15  0:37  Drone  
  16  0:43  Drone  
  17  0:55  Hatchery  
  16  0:58  Drone  
  17  1:14  Spawning Pool  
  17  1:15  Drone  
  17  1:19  Drone  
  18  1:27  Drone  
  19  1:33  Extractor  
  19  1:34  Drone  
  19  1:40  Drone  
  20  1:58  Hatchery, Drone  
  20  2:08  Queen  
  20  2:12  Drone  
  23  2:15  Zergling x2  
  23  2:20  Zergling x2  
  25  2:26  Drone  
  25  2:27  Drone  
  27  2:32  Drone  
  27  2:43  Drone  
  28  2:47  Metabolic Boost  
  28  3:02  Overlord  
  25  3:17  Drone x6  
  27  3:30  Zergling x8  
  27  3:32  Zergling x2  
  27  3:33  Zergling x4  
  34  3:42  Zergling x4  
  34  3:45  Zergling x2  
  38  3:55  Zergling x2  
  38  3:56  Zergling x4  
  38  4:00  Zergling x2  
  41  4:09  Overlord x2  
  41  4:11  Lair  
  41  4:20  Overlord  
  41  4:28  Drone x6  
  41  4:29  Drone  
  48  4:36  Drone x3  
  46  4:44  Queen  
  46  4:53  Drone  
  47  5:01  Drone x2  
  47  5:02  Drone x5  
  47  5:05  Extractor  
  53  5:07  Extractor x2  
  44  5:15  Zergling x6  
  44  5:16  Zergling x6  
  44  5:20  Roach Warren  
  49  5:37  Drone  
  49  5:38  Drone x5  
  49  5:42  Overlord  
  54  5:55  Zergling x6  
  53  6:02  Roach  
  49  6:11  Roach x2  
  32  6:35  Drone x2  
  33  6:48  Drone  
Show
View Real Time Build Order
Export as new Build Order

MorN Terran - Winner!

Build Orders: Liberator Opening, Reaper Expand 

Get SALT Encoding   

  12  0:01  SCV  
  13  0:13  SCV  
  14  0:18  Supply Depot  
  14  0:25  SCV  
  15  0:40  SCV  
  15  0:42  Barracks  
  16  0:51  Refinery  
  16  0:52  SCV  
  17  1:04  SCV  
  18  1:16  SCV  
  19  1:30  Orbital Command  
  19  1:33  Reaper  
  20  1:42  Command Center  
  20  1:54  Supply Depot  
  20  1:57  SCV  
  21  2:05  Reaper  
  22  2:09  SCV  
  23  2:22  SCV  
  24  2:37  Factory  
  24  2:46  SCV  
  25  2:52  Refinery  
  25  2:53  Command Center, Barracks Reactor  
  25  2:56  Orbital Command  
  25  3:00  SCV  
  26  3:13  SCV  
  27  3:26  Starport  
  27  3:27  SCV  
  28  3:34  SCV  
  29  3:45  SCV  
  30  3:50  Liberator  
  30  3:51  Barracks Tech Lab  
  30  3:52  SCV  
  30  3:54  Hellion x2  
  35  4:02  SCV  
  36  4:07  Supply Depot  
  36  4:09  Orbital Command  
  39  4:11  SCV  
  39  4:15  Hellion x2  
  44  4:19  SCV  
  44  4:23  SCV  
  44  4:31  SCV, Stimpack, Marine  
  40  4:41  Liberator  
  40  4:42  Hellion x2  
  42  4:49  Orbital Command  
  42  4:56  Marine  
  42  4:58  SCV  
  46  5:03  Hellion x2  
  50  5:11  SCV  
  51  5:35  Barracks  
  51  5:36  SCV  
  51  5:37  Engineering Bay x2  
  51  5:38  Refinery  
  51  5:39  Refinery  
  51  5:40  Barracks  
  51  5:41  SCV x2  
  54  5:43  Supply Depot, Factory Reactor, Starport Reactor  
  54  5:48  SCV  
  55  5:53  SCV  
  52  6:05  Marauder  
  54  6:12  SCV x2  
  52  6:29  Medivac  
  52  6:30  Medivac  
  52  6:32  Marauder  
  52  6:34  Factory Tech Lab  
  52  6:39  Marine x3  
  55  6:42  Bunker  
  55  6:44  Supply Depot  
  55  6:46  Bunker x2, Marine  
  56  6:50  Barracks x2  
  58  6:54  SCV x2  
Tags
 
Add a new tag
Caveats
  • Supply blocks, unpowered buildings, or Contaminate may cause inaccurate times.
  • Supply counts are checked every 10 seconds.